 Dungeon Crawl Stone Soup version 0.29-a0-839-g4793fd635e (webtiles) character file.

Game seed: 8470661747960811382

2228 Conn the Firebug (level 9, -4/54 HPs)
             Began as an Octopode Fire Elementalist on July 14, 2022.
             Slain by an orc warlord
             ... wielding a +3 broad axe
              (35 damage)
             ... in a bailey.
             The game lasted 00:17:57 (7265 turns).

Conn the Firebug (Octopode Fire Elementalist)       Turns: 7265, Time: 00:17:58

Health: -4/54      AC:  1    Str:  7    XL:     9   Next: 36%
Magic:  11/18      EV: 13    Int: 21    God:
Gold:   295        SH:  0    Dex: 13    Spells: 4/20 levels left

rFire   + . .      SeeInvis .   y - +2 flail (protect)
rCold   + . .      Faith    +   (no shield)
rNeg    . . .      Spirit   .   (helmet restricted)
rPois   .          Reflect  .   q - amulet of faith
rElec   .          Harm     .   k - ring of protection from fire
rCorr   .          Rampage  .   F - ring of protection from cold
Will    .....                   (no ring)
Stlth   ++++......              (no ring)
HPRegen 0.18/turn               (no ring)
MPRegen 0.16/turn               (no ring)
                                (no ring)
                                (no ring)

@: mighty, attractive
A: almost no armour, amphibious, 8 rings, camouflage 1, gelatinous body 1,
(nimble swimmer 1), tentacles
a: no special abilities


You were in a bailey.
You visited 2 branches of the dungeon, and saw 8 of its levels.
You also visited: Bailey.

You collected 295 gold pieces.

Inventory:

Hand Weapons
 e - a +0 short sword
 y - a +2 flail of protection (weapon)
 E - a +1 dagger of flaming
Missiles
 B - 8 poisoned darts (quivered)
Jewellery
 k - a ring of protection from fire (left tentacle)
 q - an amulet of faith (around mantle)
 F - a ring of protection from cold (right tentacle)
Wands
 w - a wand of charming (9)
 C - a wand of roots (11)
Scrolls
 c - a scroll of immolation {unknown}
 d - 3 scrolls of magic mapping
 f - 2 scrolls of enchant armour {unknown}
 h - 3 scrolls of identify {unknown}
 l - 5 scrolls of teleportation {unknown}
 m - 2 scrolls of noise {unknown}
 n - a scroll of vulnerability {unknown}
 p - 3 scrolls of amnesia {unknown}
 u - a scroll of brand weapon {unknown}
 x - 2 scrolls of enchant weapon {unknown}
 A - 2 scrolls of fear {unknown}
 D - a scroll of acquirement {unknown}
Potions
 a - a potion of magic
 b - a potion of ambrosia
 i - 3 potions of brilliance {unknown}
 j - 6 potions of curing {unknown}
 o - 3 potions of attraction
 r - 7 potions of flight {unknown}
 s - 2 potions of might
 t - a potion of resistance {unknown}
 v - a potion of degeneration {unknown}
 z - 2 potions of heal wounds {unknown}


   Skills:
 + Level 1.8 Fighting
 + Level 1.0 Short Blades
 + Level 2.4 Maces & Flails
 + Level 2.7 Dodging
 + Level 5.4 Stealth
 + Level 6.2 Spellcasting
 * Level 5.8 Conjurations
 + Level 6.8 Fire Magic
 * Level 1.3 Earth Magic


You had 4 spell levels left.
You knew the following spells:

 Your Spells              Type           Power      Damage    Failure   Level
a - Foxfire               Conj/Fire      100%       2x1d9     1%          1
b - Conjure Flame         Conj/Fire      33%        6-21      1%          3
c - Inner Flame           Hex/Fire       21%        N/A       7%          3
d - Flame Wave            Conj/Fire      33%        2d8       7%          4
e - Scorch                Fire           70%        2d8       1%          2
f - Stone Arrow           Conj/Erth      42%        3d9       6%          3

Your spell library contained the following spells:

 Spells                   Type           Power      Damage    Failure   Level
 Sandblast                Erth           24%        2d8       5%          1
 Passwall                 Tmut/Erth      7%         N/A       11%         2


Dungeon Overview and Level Annotations

Branches:
Dungeon (7/15)             Temple (1/1) D:4          Bailey (1/1)

Altars:
Ashenzari
Cheibriados
Dithmenos
Elyvilon
Fedhas
Gozag
Hepliaklqana
Kikubaaqudgha
Makhleb
Nemelex Xobeh
Ru
Trog
Uskayaw
Vehumet
Xom
Zin
The Shining One


Innate Abilities, Weirdness & Mutations

You cannot wear most types of armour.
You are amphibious.
You can wear up to eight rings at the same time.
Your skin changes colour to match your surroundings (Stealth+).
Your rubbery body absorbs attacks. (AC +1, EV +1)
((You are camouflaged when in or above water. (Stealth+)))
You have tentacles for arms and can constrict up to eight enemies at once.


Message History

The orc warlord is attracted toward you.
Okay, then.
Okay, then.
It was a potion of might.
You feel very mighty all of a sudden.
The orc warlord hits you with a +3 broad axe!!
Okay, then.
Okay, then.
Unknown command.
Unknown command.
Throw: throwing net
Press: ? - help, Q - select action, (/) - cycle Shift-Dir - straight line, f/p - orc warlord
Aim: an orc warlord, wielding a +3 broad axe and wearing a +0 plate armour (lightly wounded, inner flame, 68% to hit)
You throw a throwing net. The throwing net hits the orc warlord.
The orc warlord is caught in the net!
The orc warlord is lightly wounded.
The orc warlord struggles against the net.
Okay, then.
Okay, then.
Okay, then.
Okay, then.
Okay, then.
Unknown command.
Unknown command.
Aiming: Charm
Press: ? - help, Shift-Dir - straight line, f/p - orc warlord
Aim: an orc warlord, wielding a +3 broad axe and wearing a +0 plate armour (lightly wounded, inner flame, entangled in a net, chance to affect: 17%)
Okay, then.
Unknown command.
Unknown command.
Okay, then.
The orc warlord struggles against the net.
The orc warlord is attracted toward you.
Okay, then.
As you read the scroll labelled UGELUE OREROU, it crumbles to dust.
You feel aware of your surroundings.
You sensed 1 shop/portal.
It was a scroll of magic mapping.
The orc warlord hits you with a +3 broad axe!!
Ouch! That really hurt!
You die...

))))....)......#
...#..)..⌠.....#
.,,#..)........#
,,,#...........#
,,*##......)).### ♣♣♣♣
***,###....)#)#.### ♣♣♣..♣♣♣
*,,,,,###.###.§...###♣......♣
,,,,,,,,###....o....##......♣♣♣
,,,,,,,,,#...)..@....#........♣
,,,,,,,,,#...........'.......♣*
,,,,,,,,,#.....).....'..∩.∩..♣
,,,,,,,,,#.....).....'.......♣*
,,,,,,,,,#...........#........♣
,,,,,,,,###.........##.......♣♣
*,,,,,###.###))...###♣.......♣
***,###.....#'#.### ♣♣♣♣...♣♣
,,*##.......[.### ♣♣♣♣♣


You could see an orc warlord (inner flame).

Vanquished Creatures
  A steam dragon (D:7)
  2 water moccasins
  4 orc warriors (Bailey)
  An ogre (D:6)
  A phantom (D:6)
  A kobold brigand (D:5)
  3 necrophages
  A bullfrog (D:6)
  3 scorpions
  5 hounds
  6 jellies
  An orc priest (D:7)
  Jessica (D:3)
  3 iguanas
  Ijyb (D:3)
  3 orc wizards
  11 gnolls
  10 adders
  2 worms
  A dart slug (D:4)
  21 orcs
  2 ball pythons
  6 endoplasms
  3 giant cockroaches
  13 hobgoblins
  3 jackals (D:3)
  7 quokkas
  6 bats
  5 frilled lizards
  8 goblins
  6 kobolds
  6 rats
147 creatures vanquished.

Vanquished Creatures (others)
  470 foxfires
470 creatures vanquished.

Grand Total: 617 creatures vanquished

Notes
Turn   | Place    | Note
-------+----------+-------------------------------------------
     0 | D:1      | Conn the Octopode Fire Elementalist began the quest for the
                  | Orb.
     0 | D:1      | Reached XP level 1. HP: 11/11 MP: 3/3
   450 | D:1      | Reached XP level 2. HP: 17/17 MP: 0/5
   832 | D:2      | Found a shimmering altar of Xom.
  1111 | D:2      | Reached XP level 3. HP: 21/21 MP: 3/6
  1752 | D:3      | Reached XP level 4. HP: 27/27 MP: 4/7
  1752 | D:3      | Noticed Jessica
  1789 | D:3      | Killed Jessica
  2195 | D:3      | Noticed Ijyb
  2216 | D:3      | Killed Ijyb
  2217 | D:3      | Reached XP level 5. HP: 27/32 MP: 1/9
  2455 | D:3      | Learned a level 2 spell: Scorch
  2459 | D:3      | Learned a level 3 spell: Conjure Flame
  2463 | D:3      | Learned a level 3 spell: Inner Flame
  2565 | D:3      | Found a bloodstained altar of Trog.
  2768 | D:4      | Reached XP level 6. HP: 29/37 MP: 3/10
  2961 | D:4      | Reached skill level 1 in Short Blades
  3138 | D:4      | Found a staircase to the Ecumenical Temple.
  3156 | Temple   | Entered the Ecumenical Temple
  3742 | D:4      | Found a shimmering altar of Xom.
  3780 | D:4      | Reached XP level 7. HP: 18/42 MP: 9/12
  4007 | D:5      | Entered Level 5 of the Dungeon
  4245 | D:5      | Reached skill level 1 in Maces & Flails
  4370 | D:5      | Reached skill level 5 in Fire Magic
  4644 | D:5      | Reached skill level 5 in Stealth
  5013 | D:5      | Learned a level 4 spell: Flame Wave
  5046 | D:6      | Reached XP level 8. HP: 47/47 MP: 6/14
  5056 | D:5      | Reached skill level 1 in Fighting
  5384 | D:6      | Reached skill level 5 in Spellcasting
  5651 | D:6      | Found a broken altar of Ashenzari.
  6139 | D:6      | Found a burning altar of Makhleb.
  6473 | D:7      | Found a sacrificial altar of Ru.
  6473 | D:7      | Found a hide-covered altar of Uskayaw.
  6492 | D:7      | Reached skill level 5 in Conjurations
  6603 | D:7      | Reached XP level 9. HP: 51/54 MP: 12/17
  6666 | D:7      | Found a flagged portal.
  6677 | Bailey   | Entered a bailey
  6687 | Bailey   | Learned a level 3 spell: Stone Arrow
  7185 | Bailey   | Noticed an orc warlord
  7190 | Bailey   | Reached skill level 1 in Earth Magic
  7265 | Bailey   | Slain by an orc warlord

Illustrated notes

Levels and vault maps discovered:
D:1:      minmay_arrival_diagonal_passages, layout_loops_cross
D:2:      layout_basic, basic_altar
D:3:      layout_basic, lemuel_coloured_pillars_altar,
          chequers_decorated_corner, uniq_ijyb, uniq_jessica
D:4:      layout_basic, dk_xom_monty_hall, temple_fountains, serial_bayou_pond_a
D:5:      layout_basic, minmay_misc_feat_square, kennysheep_big_empty_room
D:6:      layout_basic, mainiacjoe_overflow_24_doors, lemuel_round_altar,
          grunt_ministairs_6, chequers_hall_statues_wall_a
D:7:      cheibrodos_two_vegetables, layout_layer_cave,
          nicolae_wu_jian_immortal_techniques,
          mainiacjoe_overflow_cross_hatched,
          chequers_temple_overflow_statue_of_worship, enter_bailey_2
Temple:   minmay_freezing_vapour_temple
Bailey:   bailey_axe_minmay_hex_keep, bailey

Skill      XL: |  1  2  3  4  5  6  7  8  9 |
---------------+----------------------------+-----
Stealth        | 3 4 5 |  5.4
Fire Magic     | 4 5 6 |  6.8
Spellcasting   | 3 4 5 6 |  6.2
Conjurations   | 2 3 4 5 |  5.8
Short Blades   | 1 |  1.0
Maces & Flails | 1 2 |  2.4
Fighting       | 1 |  1.8
Earth Magic    | 1 |  1.3
Dodging        | |  2.7

Action                   |  1- 3 |  4- 6 |  7- 9 || total
-------------------------+-------+-------+-------++-------
Melee: Unarmed           |     6 |       |       ||     6
       Constrict         |     8 |     6 |    10 ||    24
       Tentacles         |     7 |     9 |    11 ||    27
       Short sword       |    27 |    19 |       ||    46
       Flail             |       |     8 |    38 ||    46
Throw: Throwing net      |       |       |     1 ||     1
 Cast: Foxfire           |    59 |    71 |   143 ||   273
       Scorch            |       |     6 |    31 ||    37
       Conjure Flame     |       |       |     1 ||     1
       Flame Wave        |       |       |     3 ||     3
       Inner Flame       |       |       |     1 ||     1
  Use: Potion            |     1 |       |     3 ||     4
       Scroll            |       |       |     1 ||     1
 Stab: Sleeping          |     5 |     3 |     3 ||    11
Armor: Skin              |     5 |     5 |    10 ||    20
Dodge: Dodged            |    36 |    19 |    40 ||    95

Table legend: (Time is in decaauts)
 A = Elapsed time spent in this place.
 B = Non-inter-level travel time spent in this place.
 C = Inter-level travel time spent in this place.
 D = Time resting spent in this place.
 E = Time spent auto-exploring this place.
 F = Levels seen in this place.
 G = Mean time per level.
                   A        B        C        D        E       F      G
               +--------+--------+--------+--------+--------+-----+--------+
         Total |   7281 |   7121 |    160 |    204 |   5391 |   9 |  809.0 |
       Dungeon |   6671 |   6511 |    160 |    101 |   5082 |   7 |  953.0 |
        Temple |     17 |     17 |      0 |      0 |      0 |   1 |   17.0 |
        Bailey |    592 |    592 |      0 |    103 |    309 |   1 |  592.0 |
               +--------+--------+--------+--------+--------+-----+--------+

Top non-repeatable levels by time:
     D:6: 1247 daAuts
     D:4: 1237 daAuts
     D:3: 1197 daAuts
     D:5: 1169 daAuts
     D:1: 831 daAuts
     D:2: 728 daAuts
  Bailey: 592 daAuts
     D:7: 260 daAuts
  Temple: 17 daAuts
